 Dungeon Crawl Stone Soup version 0.21-a0-81-gc5150db (webtiles) character file.

14050 Mygna the Slinger (level 12, -11/88 HPs)
             Began as a Halfling Hunter on June 22, 2017.
             Was an Elder of Dithmenos.
             Mangled by TotoDurand's ghost (20 damage)
             ... in an ice cave on June 23, 2017.
             The game lasted 00:54:02 (13031 turns).

Mygna the Slinger (Halfling Hunter)                Turns: 13031, Time: 00:54:02

Health: -11/88     AC: 10    Str: 13    XL:     12   Next: 40%
Magic:  13/13      EV: 23    Int: 14    God:    Dithmenos [****..]
Gold:   628        SH:  7    Dex: 20    Spells: 9/11 levels left

rFire    . . .     SeeInvis +   a - +2 hunting sling (freeze)
rCold    + + .     Gourm    .   x - +0 buckler
rNeg     . . .     Faith    .   S - +2 leather armour {rC+}
rPois    .         Spirit   .   (no helmet)
rElec    .         Reflect  .   (no cloak)
rCorr    .         Harm     .   M - +0 pair of gloves (curse)
MR       .....                  n - +2 pair of boots
Stlth    +++++.....             T - amulet of magic regeneration
HPRegen  0.24/turn              y - ring of protection from cold
MPRegen  0.38/turn              l - ring of see invisible

@: brilliant, wreathed by umbra, studying Conjurations
A: mutation resistance 1, robust 1
a: Shadow Step, Renounce Religion


You were in an ice cave.
You worshipped Dithmenos.
Dithmenos was greatly pleased with you.
You were not hungry.

You visited 3 branches of the dungeon, and saw 13 of its levels.
You also visited: Labyrinth, Ossuary and Ice Cave.

You collected 673 gold pieces.
You spent 45 gold pieces at shops.

Inventory:

Hand Weapons
 a - a +2 hunting sling of freezing (weapon)
 b - a +0 dagger of venom
Missiles
 h - 84 stones (quivered)
 k - 38 sling bullets
Armour
 n - a +2 pair of boots (worn)
 x - a +0 buckler (worn)
 G - a +2 leather armour of positive energy
 M - a cursed +0 pair of gloves (worn)
 S - a +2 leather armour of cold resistance (worn)
Jewellery
 l - a ring of see invisible (right hand)
 y - a ring of protection from cold (left hand)
 N - an uncursed ring of resist corrosion
 T - an amulet of magic regeneration (around neck)
Wands
 c - a wand of scattershot (0/9)
 p - a wand of disintegration (12/24)
 u - a wand of acid (3/15)
 w - a wand of disintegration (14/24)
 C - a wand of paralysis (0/24)
 E - a wand of confusion (30/48)
 P - a wand of scattershot (2/9)
Scrolls
 i - 11 scrolls of remove curse
 j - 2 scrolls of enchant armour
 q - 5 scrolls of identify
 t - a scroll of amnesia
 z - 5 scrolls of fog
 F - 2 scrolls of enchant weapon
 J - 3 scrolls of recharging
 L - 2 scrolls of fear
Potions
 e - a potion of heal wounds
 r - 2 potions of flight
 s - 7 potions of curing
 D - 4 potions of lignification
 K - a potion of haste
Books
 H - the Handbook of Ice
   (You found it in a labyrinth)

   Spells                             Type                      Level
   a - Summon Ice Beast               Ice/Summoning                4
   b - Ice Form                       Ice/Transmutation            4
   c - Bolt of Cold                   Conjuration/Ice              6
 O - a manual of Conjurations
 Q - a book of Minor Magic

   Spells                             Type                      Level
   a - Magic Dart                     Conjuration                  1
   b - Blink                          Translocation                2
   c - Call Imp                       Summoning                    2
   d - Slow                           Hexes                        2
   e - Conjure Flame                  Conjuration/Fire             3
   f - Mephitic Cloud                 Conjuration/Poison/Air       3
Comestibles
 f - 8 bread rations
 g - 3 meat rations
 o - 18 fruits
 A - 9 chunks of flesh


   Skills:
 + Level 6.5 Fighting
 - Level 10.1 Short Blades
 - Level 14.8 Slings
 + Level 7.4 Armour
 - Level 10.0 Dodging
 - Level 6.1 Stealth
 - Level 5.7 Shields
 - Level 1.5 Invocations


You had 9 spell levels left.
You knew the following spells:

 Your Spells              Type           Power        Failure   Level  Hunger
a - Blink                 Tloc           N/A          6%          2    ###....


Dungeon Overview and Level Annotations

Branches:
Dungeon (9/15)             Temple (1/1) D:5            Lair (3/6) D:8
 Spider (0/4) Lair:2
  Swamp: Lair:2-4    Shoals: Lair:2-4       Orc: D:9-12

Altars:
Ashenzari
Cheibriados
Dithmenos
Elyvilon
Fedhas
Gozag
Hepliaklqana
Kikubaaqudgha
Makhleb
Nemelex Xobeh
Okawaru
Qazlal
Ru
Sif Muna
Trog
Uskayaw
Vehumet
Wu Jian
Xom
Yredelemnul
Zin
The Shining One

Shops:
D:4 =

Annotations:
IceCv TotoDurand's ghost, journeyman DsBe


Innate Abilities, Weirdness & Mutations

You are small and have problems with some larger weapons.
You are somewhat resistant to further mutation.
You are robust. (+10% HP)


Message History

You feel much better.
TotoDurand's ghost completely misses you.
You feel a little less agile now.
TotoDurand's ghost hits you but does no damage.
You feel less invigorated.
You feel less confused.
The polar bear rages.
TotoDurand's ghost misses you.
You are too injured to fight recklessly!
TotoDurand's ghost hits you!!
* * * LOW HITPOINT WARNING * * *
TotoDurand's ghost burns you!
* * * LOW HITPOINT WARNING * * *
The polar bear is no longer covered in acid.
TotoDurand's ghost hits you.
* * * LOW HITPOINT WARNING * * *
TotoDurand's ghost burns you.
* * * LOW HITPOINT WARNING * * *
TotoDurand's ghost hits you!!
You die...

#.#.#..#
#.#
#...##.#
#.#
##.#####
#.# #.##
#.. #.##
##. #..#
#. #.##
#. #.#
## #@# #
##W# #


Yh# # Yh# .#h #.#. . (# . # You could see 2 polar bears, 2 yaks, a wolf and
TotoDurand's ghost.

Vanquished Creatures
  A minotaur (Lab)
  Fannar (Lair:2)
  3 hydras
  Urug (Lair:2)
  An orb spider (Lair:2)
  Joseph (Lair:1)
  4 spiny frogs
  A centaur skeleton (D:9)
  3 polar bears
  A hornet (D:8)
  5 blink frogs
  2 hippogriffs
  Eustachio (D:4)
  5 yaks
  A hungry ghost (D:8)
  Menkaure (D:6)
  2 porcupines (Lair:1)
  4 water moccasins
  An ice beast (D:6)
  3 orc warriors
  A phantom (D:8)
  3 ogres
  6 wolves (IceCv)
  A centaur (D:7)
  A crocodile (Lair:2)
  A big kobold (D:7)
  8 bullfrogs
  3 scorpions
  3 howler monkeys (D:7)
  2 electric eels (Lair:1)
  2 crimson imps
  4 hounds
  5 orc priests
  7 orc wizards
  An iguana (D:7)
  2 worker ants
  4 big kobold zombies (Ossuary)
  2 hound skeletons
  A mummy (Ossuary)
  2 worker ant zombies
  A howler monkey skeleton (D:6)
  7 adders
  A shadow imp (D:6)
  An adder skeleton (D:4)
  2 worms (D:3)
  7 dart slugs
  6 leopard geckos
  27 orcs
  8 spectral bats (Ossuary)
  7 bats
  7 giant cockroaches
  8 gnoll zombies (Ossuary)
  11 goblins
  9 hobgoblins
  9 jackals
  3 quokkas
  4 ball pythons
  A frilled lizard (D:2)
  6 goblin simulacra (Ossuary)
  5 goblin zombies (Ossuary)
  2 hobgoblin zombies (Ossuary)
  10 kobolds
  2 kobold simulacra (Ossuary)
  A kobold skeleton (D:3)
  6 kobold zombies (Ossuary)
  5 orc zombies (Ossuary)
  2 quokka zombies
  8 rats
  2 rat simulacra (Ossuary)
  3 spectral goblins (Ossuary)
  A spectral kobold (Ossuary)
  A spectral rat (Ossuary)
274 creatures vanquished.

Vanquished Creatures (others)
  A leopard gecko (D:3)
  7 fungi
8 creatures vanquished.

Grand Total: 282 creatures vanquished

Notes
Turn   | Place    | Note
-------+----------+-------------------------------------------
     0 | D:1      | Mygna the Halfling Hunter began the quest for the Orb.
     0 | D:1      | Reached XP level 1. HP: 14/14 MP: 1/1
   230 | D:1      | Reached skill level 6 in Slings
   291 | D:1      | Reached XP level 2. HP: 19/19 MP: 2/2
   569 | D:1      | Reached skill level 7 in Slings
   569 | D:1      | Reached XP level 3. HP: 24/24 MP: 3/3
  1110 | D:2      | You fall through a shaft for 2 floors!
  1118 | D:4      | Reached skill level 8 in Slings
  1118 | D:4      | Reached XP level 4. HP: 29/29 MP: 4/4
  1177 | D:4      | Noticed a bullfrog
  1254 | D:3      | Gained mutation: You tend to lose your temper in combat. [potion of mutation]
  1254 | D:3      | Gained mutation: You are partially covered in yellow scales. (AC +2) [potion of mutation]
  1263 | D:3      | Killed a bullfrog
  1263 | D:3      | Reached skill level 9 in Slings
  1263 | D:3      | Reached XP level 5. HP: 27/34 MP: 5/5
  1414 | D:2      | Lost mutation: You tend to lose your temper in combat. [potion of mutation]
  1414 | D:2      | Lost mutation: You are partially covered in yellow scales. (AC +2) [potion of mutation]
  1414 | D:2      | Gained mutation: You are robust. (+10% HP) [potion of mutation]
  2265 | D:3      | Reached XP level 6. HP: 42/42 MP: 6/6
  2382 | D:3      | Found a runed door.
  2382 | D:3      | Noticed a human
  2385 | D:3      | Found a basalt altar of Yredelemnul.
  2879 | D:4      | Reached skill level 10 in Slings
  3120 | D:4      | Reached skill level 11 in Slings
  3120 | D:4      | Reached XP level 7. HP: 48/48 MP: 7/7
  3526 | D:4      | Found Rowihink's Jewellery Shoppe.
  3532 | D:4      | Bought a cursed ring of loudness for 45 gold pieces
  4191 | D:4      | Noticed Eustachio
  4208 | D:4      | Killed Eustachio
  4208 | D:4      | Reached skill level 12 in Slings
  4330 | D:4      | Reached skill level 5 in Fighting
  4330 | D:4      | Reached skill level 14 in Slings
  4330 | D:4      | Reached XP level 8. HP: 62/62 MP: 8/8
  4349 | D:5      | Entered Level 5 of the Dungeon
  4473 | D:5      | Reached XP level 9. HP: 61/68 MP: 9/9
  4585 | D:5      | Found a staircase to the Ecumenical Temple.
  4591 | Temple   | Entered the Ecumenical Temple
  4714 | Temple   | Became a worshipper of Dithmenos the Shadowed
  5106 | D:6      | Found a sand-covered staircase.
  5111 | Ossuary  | Entered an ossuary
  5244 | Ossuary  | Reached * piety under Dithmenos
  5522 | Ossuary  | Reached ** piety under Dithmenos
  5962 | D:6      | Noticed Menkaure
  5970 | D:6      | Killed Menkaure
  6605 | D:7      | Reached skill level 5 in Stealth
  6835 | D:7      | Upgraded the game from 0.21-a0-79-g04744e2 to 0.21-a0-81-gc5150db
  6993 | D:7      | Noticed a hippogriff
  7014 | D:7      | Killed a hippogriff
  7014 | D:7      | Reached skill level 1 in Shields
  7026 | D:7      | Reached XP level 10. HP: 67/74 MP: 10/10
  7043 | D:7      | Paralysed by a crimson imp for 5 turns
  7441 | D:8      | Found a staircase to the Lair.
  7482 | D:8      | Reached *** piety under Dithmenos
  7857 | D:8      | Reached skill level 1 in Short Blades
  7912 | D:8      | Reached skill level 5 in Shields
  8473 | D:9      | Found a snail-covered altar of Cheibriados.
  8905 | Lair:1   | Entered Level 1 of the Lair of Beasts
  9085 | Lair:1   | Noticed Joseph
  9096 | Lair:1   | Noticed a six-headed hydra
  9123 | Lair:1   | Killed a six-headed hydra
  9171 | Lair:1   | Killed Joseph
  9196 | Lair:1   | Noticed a spiny frog
  9204 | Lair:1   | Reached XP level 11. HP: 64/79 MP: 11/11
  9674 | Lair:2   | Noticed a seven-headed hydra
  9783 | Lair:2   | Found a labyrinth entrance.
  9784 | Lair:2   | Noticed Fannar
  9788 | Lab      | Entered a labyrinth
 10243 | Lab      | Noticed a minotaur
 10287 | Lab      | Killed a minotaur
 10287 | Lab      | Reached skill level 5 in Short Blades
 10287 | Lab      | Reached skill level 1 in Invocations
 10319 | Lab      | Identified the Handbook of Ice
 10343 | Lab      | Learned a level 2 spell: Blink
 11580 | Lair:2   | Reached skill level 10 in Dodging
 11675 | Lair:2   | Killed Fannar
 11824 | Lair:2   | Killed a seven-headed hydra
 11830 | Lair:2   | Noticed Urug
 11846 | Lair:2   | Killed Urug
 11857 | Lair:2   | Reached XP level 12. HP: 85/85 MP: 13/13
 11960 | Lair:2   | Found a hole to the Spider Nest.
 12477 | Lair:3   | Noticed an eight-headed hydra
 12491 | Lair:3   | Killed an eight-headed hydra
 12618 | Lair:3   | Reached skill level 10 in Short Blades
 12629 | Lair:3   | Noticed a four-headed hydra
 12744 | Lair:3   | Found a frozen archway.
 12753 | IceCv    | Entered an ice cave
 12777 | IceCv    | Reached **** piety under Dithmenos
 12954 | IceCv    | Noticed TotoDurand's ghost (journeyman DsBe)
 13025 | IceCv    | HP: 3/88 [TotoDurand's ghost (6)]
 13031 | IceCv    | Mangled by TotoDurand's ghost

Vault maps used:
D:1:      sevenhm_arrival_forest_fort_large_1, minmay_tetromino_s2
D:2:      minmay_door_path
D:3:      dk_yredelemnul_ordeal
D:4:      kennysheep_slugbush, serial_shops, nicolae_shop_trees, first_bread,
          uniq_eustachio
D:5:      minmay_temple_entry_hall
D:6:      enter_ossuary_2, uniq_menkaure
D:8:      lair_entry_dummy, kennysheep_generic_room_14
D:9:      lemuel_coloured_pillars_altar
Temple:   nicolae_temple_the_god_donut
Lair:1:   serial_bayou_lagoon_a, dpeg_stationary_puzzle,
          infiniplex_staircase_pool, lemuel_fruit_fields, uniq_joseph
Lair:2:   nicolae_spider_entry_orb_guardian, lab_entry_generic, uniq_urug,
          uniq_fannar
Lair:3:   portal_ice_cave_entry_pillars_2
Lab:      labyrinth_mini_lab, lab_fountain, labyrinth_skeletal_remains,
          labyrinth_glass_1, nicolae_lab_lava
Ossuary:  ossuary_zaba_two_paths
IceCv:    ice_cave_caverns_01

Skill      XL: |  1  2  3  4  5  6  7  8  9 10 11 12 |
---------------+-------------------------------------+-----
Slings         | 6 7 8 9 11 14 | 14.8
Fighting       | 5 6 |  6.5
Armour         | 6 7 |  7.4
Dodging        | 7 8 10 | 10.0
Stealth        | 6 |  6.1
Shields        | 2 5 |  5.7
Short Blades   | 4 8 10 | 10.1
Invocations    | 1 |  1.5

Action                   |  1- 3 |  4- 6 |  7- 9 | 10-12 || total
-------------------------+-------+-------+-------+-------++-------
Melee: Hunting sling     |     3 |       |       |       ||     3
       Dagger            |       |       |       |   140 ||   140
 Fire: Hunting sling     |    86 |   248 |   476 |   645 ||  1455
Evoke: Wand              |       |       |       |    17 ||    17
  Use: Scroll            |     2 |     1 |    12 |    10 ||    25
       Potion            |       |     5 |     7 |     6 ||    18
 Stab: Sleeping          |       |       |       |     2 ||     2
       Paralysed         |       |       |       |     1 ||     1
       Invisible         |       |       |       |     1 ||     1
  Eat: Chunk             |       |     6 |     5 |     8 ||    19
       Royal jelly       |       |       |     3 |     2 ||     5
       Meat ration       |       |       |       |     2 ||     2
Armor: Leather armour    |     1 |    36 |    19 |    40 ||    96
Dodge: Dodged            |    26 |   120 |    83 |   281 ||   510
Block: Buckler           |       |       |       |    80 ||    80
